AoeStats
← AxingQuestions

Arabia

504362309Analyzed
4v4 RM · 27d ago on Sep 5, 2026· 28m 52s· 8 players
Game mode
Random Map
Map size
Large (8 player)
Population
200
Speed
Normal
Resources
Standard
Victory
Conquest
Starting age
Dark Age
Ending age
Imperial Age
RankedLock teamsTeams togetherTeam positionsShared explorationLock speedFull tech treeHidden civsTurbo modeCheats
Victory
Defeat
🇵🇪 Magyars · Peru
1398
+6
🇵🇪 Franks · Peru
1190
+12
🇵🇪 Ethiopians · Peru
1177
+13
🇵🇪 Ethiopians · Peru
1150
+13
🇺🇸 Bengalis · United States
1173
-14
🇦🇷 Maya · Argentina
1112
-11
🇺🇸 Ethiopians · United States
1092
-10
🇦🇷 Magyars · Argentina
1074
-9
AxingQuestions
10:59 Feudal Age
11:37 Loom
14:50 Castle Age
14:11 Double-Bit Axe
14:09 Horse Collar
16:57 Bow Saw
18:10 Heavy Plow
21:28 Pikeman
23:50 Wheelbarrow
23:08 Town Watch
24:31 Town Patrol
24:37 Gold Mining
25:12 Stone Mining
26:53 Hand Cart
28:03 Gold Shaft Mining
28:22 Scale Mail Armor
28:34 Forging
TacoPi
8:12 Loom
10:28 Feudal Age
17:49 Forging
18:39 Wheelbarrow
22:10 Castle Age
21:16 Double-Bit Axe
21:15 Horse Collar
21:28 Gold Mining
21:54 Scale Barding Armor
22:36 Fletching
22:54 Husbandry
22:35 Crossbowman
23:14 Bodkin Arrow
24:57 Elite Skirmisher
26:36 Padded Archer Armor
28:11 Chain Barding Armor
Jota
3:23 Loom
11:17 Feudal Age
17:59 Scale Barding Armor
22:34 Horse Collar
22:41 Double-Bit Axe
Delorean
8:58 Loom
10:53 Feudal Age
11:47 Double-Bit Axe
17:55 Padded Archer Armor
20:04 Gold Mining
22:17 Fletching
gobenjc
6:42 Loom
9:45 Feudal Age
11:01 Double-Bit Axe
13:36 Fletching
19:45 Horse Collar
25:07 Castle Age
23:37 Padded Archer Armor
25:11 Crossbowman
25:56 Bodkin Arrow
26:20 Thumb Ring
26:40 Town Watch
28:48 Ballistics
29:10 Wheelbarrow
Cjota
1:33 Loom
10:35 Feudal Age
12:57 Double-Bit Axe
18:10 Scale Barding Armor
23:23 Castle Age
22:53 Wheelbarrow
24:13 Forging
24:15 Husbandry
Oki Doki
0:26 Loom
10:48 Feudal Age
11:17 Double-Bit Axe
19:39 Fletching
22:49 Castle Age
22:41 Forging
22:50 Crossbowman
23:41 Thumb Ring
24:23 Bodkin Arrow
25:03 Iron Casting
tomitom
6:25 Loom
9:20 Feudal Age
9:54 Double-Bit Axe
14:45 Horse Collar
21:35 Castle Age
20:15 Bloodlines
20:28 Scale Barding Armor
22:27 Husbandry
23:12 Chain Barding Armor
23:39 Bow Saw
28:30 Heavy Plow
Connection lost

Rejoining the realm…

Still unreachable

The connection could not be restored.

Session expired

The server has moved on; the page needs a fresh start.